 Dungeon Crawl Stone Soup version 0.17-a0-119-g2b06fc5 (webtiles) character file.

650 Ngotmuk the Basher (level 7, -8/52 HPs)
             Began as a Human Fighter on Mar 20, 2015.
             Mangled by an ogre
             ... wielding a +0 giant club
              (10 damage)
             ... on level 4 of the Dungeon.
             The game lasted 00:05:06 (1564 turns).

Ngotmuk the Basher (Human Fighter)                  Turns: 1564, Time: 00:05:06

Health: -8/52      AC: 10    Str: 19    XL:     7   Next: 83%
Magic:  7/7        EV:  2    Int:  8    God:
Gold:   114        SH:  9    Dex: 12    Spells: 0 memorised, 6 levels left

rFire  . . .     SeeInvis .     u - +1 mace (protect)
rCold  . . .     Clarity  .     s - +0 ring mail (curse)
rNeg   . . .     SustAb   .     c - +0 shield
rPois  .         Gourm    .     (no helmet)
rElec  .         Spirit   .     (no cloak)
rCorr  .         Warding  .     (no gloves)
rMut   .         Stasis   .     (no boots)
MR     .....                    (no amulet)
Stlth  +.........               k - -6 ring of evasion (curse)
                                f - +4 ring of slaying

@: not resistant to hostile enchantments, very unstealthy
A: no striking features
a: no special abilities


You were on level 4 of the Dungeon.
You were hungry.

You visited 1 branch of the dungeon, and saw 4 of its levels.

You collected 114 gold pieces.

Inventory:

Hand weapons
 u - a +1 mace of protection (weapon)
Armour
 c - a +0 shield (worn)
 s - a cursed +0 ring mail (worn)
Jewellery
 f - a +4 ring of slaying (left hand)
 k - a cursed -6 ring of evasion (right hand)
 l - an uncursed ring of fire
Scrolls
 b - 3 scrolls of blinking {unknown}
 i - 2 scrolls of teleportation {unknown}
 j - 2 scrolls of fog {unknown}
 n - a scroll of amnesia {unknown}
 o - a scroll of noise {unknown}
 q - 5 scrolls of identify {unknown}
Potions
 a - 2 potions of haste {unknown}
 e - a potion of might
 g - 2 potions of flight {unknown}
 m - a potion of lignification {unknown}
 p - a potion of degeneration {unknown}
 t - a potion of invisibility {unknown}
Comestibles
 d - 2 bread rations
 h - a meat ration
 r - a slice of pizza


   Skills:
 - Level 3.0 Fighting
 + Level 8.2 Maces & Flails
 - Level 3.0 Armour
 - Level 3.0 Shields


You had 6 spell levels left.
You didn't know any spells.

Dungeon Overview and Level Annotations

Branches:
Dungeon (4/15)
 Temple: D:4-7

Altars:
Zin
The Shining One

Annotations:
D:3 Natasha


Message History

An ogre comes into view. It is wielding a giant club.
You hit the ogre.
The ogre is lightly wounded.
The ogre hits you with a giant club.
You barely miss the ogre.
The ogre is lightly wounded.
You block the ogre's attack.
You closely miss the ogre.
The ogre is lightly wounded.
You completely miss the ogre.
The ogre is lightly wounded.
The ogre hits you with a giant club!
* * * LOW HITPOINT WARNING * * *
Your ring mail prevents you from hitting the ogre.
The ogre is lightly wounded.
The ogre hits you but does no damage.
You hit the ogre!
The ogre is heavily wounded.
The ogre hits you with a giant club!
You die...

##. ##......
##........
#..........
#...........
#..........P
#..........
#.O.......# .
##@........ #.#
###.......... #.#
##........... ##
#..#
##............
.###
#..##.............
...#
#.........######
...## ##....#####
....#####.####
..........#


You could see an ogre.

Vanquished Creatures
  The ghost of Protee the Digger, an average FoEE (D:3)
  An orc warrior (D:4)
  A centaur (D:4)
  Sigmund (D:3)
  A scorpion (D:4)
  An orc priest (D:4)
  Natasha (twice) (D:3)
  A worker ant (D:4)
  Terence (D:2)
  A hound skeleton (D:4)
  A gnoll (D:4)
  6 adders
  4 worms
  A giant gecko (D:2)
  4 orcs
  A giant cockroach (D:3)
  2 hobgoblins
  3 jackals (D:3)
  6 kobolds
  4 bats
  3 giant newts
  8 goblins
  2 quokkas
  8 rats
64 creatures vanquished.

Notes
Turn   | Place    | Note
--------------------------------------------------------------
     0 | D:1      | Ngotmuk, the Human Fighter, began the quest for the Orb.
     0 | D:1      | Reached XP level 1. HP: 18/18 MP: 1/1
   120 | D:1      | You fall through a shaft!
   128 | D:2      | Reached XP level 2. HP: 20/24 MP: 2/2
   150 | D:2      | Noticed Terence
   157 | D:2      | Killed Terence
   157 | D:2      | Reached XP level 3. HP: 6/29 MP: 3/3
   430 | D:2      | Reached skill level 4 in Maces & Flails
   430 | D:2      | Reached XP level 4. HP: 35/35 MP: 4/4
   805 | D:3      | Noticed Natasha
   813 | D:3      | Killed Natasha
   813 | D:3      | Reached XP level 5. HP: 31/41 MP: 5/5
   851 | D:2      | Found a glowing silver altar of Zin.
   870 | D:3      | Noticed Protee's ghost (average FoEE)
   880 | D:3      | Killed Protee's ghost
   880 | D:3      | Reached skill level 6 in Maces & Flails
   880 | D:3      | Reached XP level 6. HP: 29/47 MP: 6/6
   941 | D:3      | Noticed Natasha
   945 | D:3      | Killed Natasha
   990 | D:3      | Noticed Sigmund
  1007 | D:3      | Killed Sigmund
  1177 | D:3      | Found a glowing golden altar of the Shining One.
  1178 | D:3      | Noticed Natasha
  1286 | D:4      | Reached XP level 7. HP: 52/52 MP: 7/7
  1300 | D:4      | Reached skill level 7 in Maces & Flails
  1438 | D:4      | Noticed an orc warrior
  1450 | D:4      | Killed an orc warrior
  1533 | D:4      | Reached skill level 8 in Maces & Flails
  1562 | D:4      | HP: 2/52 [ogre/giant club (15)]
  1564 | D:4      | Mangled by an ogre

Action                   |  1- 3 |  4- 6 |  7- 9 || total
-------------------------+-------+-------+-------++-------
Melee: Flail             |    27 |    71 |    19 ||   117
       Mace              |       |       |    23 ||    23
  Eat: Pizza             |       |     1 |       ||     1
